 Dungeon Crawl Stone Soup version 0.28.0-47-ge53b351184 (webtiles) character file.

Game seed: 1732697441757237302

9833 101zpm the Thaumaturge (level 11, -5/58 HPs)
             Began as a Djinni Fire Elementalist on May 2, 2022.
             Was a Follower of Hepliaklqana.
             Slain by a yak (6 damage)
             ... on level 11 of the Dungeon.
             The game lasted 00:29:25 (13909 turns).

101zpm the Thaumaturge (Djinni Fire Elementalist)  Turns: 13909, Time: 00:29:26

Health: -5/58      AC:  7    Str:  7    XL:     11   Next: 81%
Gold:   475        EV: 12    Int: 21    God:    Hepliaklqana [*.....] SH:  0 Dex: 14

rFire   + + .      SeeInvis .   z - +4 spear (freeze)
rCold   x . .      Faith    .   (no shield)
rNeg    . . .      Spirit   .   E - +0 troll leather armour
rPois   ∞          Reflect  .   (no helmet)
rElec   .          Harm     .   D - +2 cloak {Stlth+}
rCorr   .          Rampage  .   (no gloves)
Will    +....                   (boots unavailable)
Stlth   +++.......              (no amulet)
HPRegen 0.99/turn               (no ring)
MPRegen 0.00/turn               (no ring)

@: flying
A: reduced essence, sickness immunity, fire resistance 2, cold vulnerability 1,
float, innate caster, HP casting, extra vitality 1
a: Renounce Religion, Recall Ancestor, Ancestor Identity


You were on level 11 of the Dungeon.
You worshipped Hepliaklqana.
Hepliaklqana was aware of your devotion.
You visited 2 branches of the dungeon, and saw 12 of its levels.

You collected 475 gold pieces.

Inventory:

Hand Weapons
 z - a +4 spear of freezing (weapon)
Armour
 a - a +0 robe
 v - a +0 robe of positive energy
 D - a +2 cloak of stealth (worn)
 E - a +0 troll leather armour (worn)
Jewellery
 r - a ring of see invisible
 u - a +4 ring of evasion
 B - a +4 ring of evasion
Wands
 e - a wand of flame (34)
 h - a wand of mindburst (3)
 i - a wand of iceblast (24)
 o - a wand of acid (7)
 y - a wand of polymorph (12)
 C - a wand of paralysis (19)
Scrolls
 b - 9 scrolls of identify {unknown}
 c - 3 scrolls of holy word
 g - 2 scrolls of fear {unknown}
 j - 2 scrolls of teleportation {unknown}
 k - 3 scrolls of immolation {unknown}
 n - a scroll of magic mapping {unknown}
 p - a scroll of blinking {unknown}
 q - a scroll of noise {unknown}
 s - 2 scrolls of fog {unknown}
 t - a scroll of vulnerability {unknown}
 w - a scroll of enchant armour {unknown}
 A - a scroll of enchant weapon {unknown}
Potions
 d - 6 potions of curing
 f - a potion of attraction {unknown}
 l - a potion of haste {unknown}
 m - 3 potions of heal wounds {unknown}
 x - a potion of degeneration {unknown}
 F - a potion of invisibility {unknown}
 G - 2 potions of brilliance {unknown}


   Skills:
 + Level 0.2 Fighting
 + Level 2.2 Armour
 + Level 2.5 Dodging
 + Level 4.1 Stealth
 + Level 13.3 Spellcasting


You had 8 spell levels left.
You knew the following spells:

 Your Spells              Type           Power      Damage    Failure   Level
a - Foxfire               Conj/Fire      100%       2x1d9     1%          1
b - Scorch                Fire           100%       2d10      1%          2
c - Conjure Flame         Conj/Fire      63%        6-21      1%          3
d - Inner Flame           Hex/Fire       63%        N/A       1%          3
e - Flame Wave            Conj/Fire      63%        2d12      1%          4
f - Pain                  Necr           100%       1d9       1%          1
g - Wereblood             Tmut           63%        N/A       1%          2
h - Portal Projectile     Hex/Tloc       100%       N/A       1%          3
i - Anguish               Hex/Necr       31%        N/A       1%          4
j - Iskenderun's Battles  Conj           63%        2d11      1%          5
Your spell library was empty.

Dungeon Overview and Level Annotations

Branches:
Dungeon (10/15)            Temple (1/1) D:4
   Lair: D:8-11         Orc: D:9-12

Altars:
Ashenzari
Cheibriados
Dithmenos
Elyvilon
Fedhas
Gozag
Hepliaklqana
Kikubaaqudgha
Makhleb
Nemelex Xobeh
Okawaru
Qazlal
Ru
Sif Muna
Trog
Uskayaw
Vehumet
Wu Jian
Xom
Yredelemnul
Zin
The Shining One

Shops:
D:6 *

Annotations:
D:10 3 runed translucent doors


Innate Abilities, Weirdness & Mutations

Your life essence is reduced to manifest your ancestor. (-10% HP)
You are immune to sickness and miasma.
You are immune to poison.
Your flesh is very heat resistant. (rF++)
You are vulnerable to cold. (rC-)
You float through the air rather than walking.
You learn spells naturally, not from books.
Your magical power is your life essence.
You have superior vitality. (+4 MHP)


Message History

Flames lash the yak.
The yak is burned terribly!
Flame seeps out of the yak.
The yak is severely wounded.
A vampire comes into view.
The yak is engulfed in blazing flames.
The yak explodes!
The fiery explosion engulfs you! You resist.
You are too injured to fight recklessly!
Casting: Foxfire (safe; 1% risk of failure)
Press: ? - help, Q - select action, (/) - cycle Dir - look around, f - activate You conjure some foxfire!
Okay, then.
Okay, then.
Aiming: Paralyse
Press: ? - help, Shift-Dir - straight line, f - vampire
Aim: a vampire (chance to affect: 31%)
The vampire easily resists.
The foxfire hits the yak but does no damage.
The foxfire hits the yak.
The yak is lightly wounded.
The yak is engulfed in blazing flames.
The yak gores you.
As you read the scroll labelled YPLUEME KOOBAU, it crumbles to dust.
You speak a Word of immense power!
The vampire convulses!
You destroy the vampire!
It was a scroll of holy word.
The yak is engulfed in blazing flames.
The yak barely misses you.
Your Armour skill increases to level 2!
The yak is engulfed in blazing flames. x2; The yak gores you.
* * * LOW HITPOINT WARNING * * *
Casting: Foxfire (safe; 1% risk of failure)
Confirm with . or Enter, or press ? or * to list all spells.
Flames lash the yak.
The yak is severely wounded.
The yak's fire resistance burns away.
* * * LOW HITPOINT WARNING * * *
You hear an angry hiss.
The yak gores you!
* * * LOW HITPOINT WARNING * * *
A komodo dragon comes into view.
The yak is engulfed in blazing flames.
The yak gores you.
You die...

. ######l##
##........
##.@...(...
#§.YY......
#§.§.......
#○§........
#○.........
#......?...
#..........
##.?.......
##.....#.


You could see a komodo dragon and 2 yaks.

Vanquished Creatures
  2 two-headed ogres
  An orc sorcerer (D:8)
  Maurice (D:8)
  A kobold demonologist (D:9)
  2 trolls (D:9)
  Prince Ribbit (D:5)
  Sigmund (D:2)
  A vampire (D:11)
  A wyvern (D:9)
  14 yaks
  A steam dragon (D:8)
  An acid dragon (D:9)
  Duvessa (D:7)
  A water moccasin (D:7)
  4 orc warriors
  A sky beast (D:6)
  An ice beast (D:6)
  2 necrophages
  5 ogres
  4 centaurs
  2 phantoms
  A kobold brigand (D:10)
  3 bullfrogs
  2 gnoll sergeants
  2 scorpions
  A wyvern zombie (D:8)
  Dowan (D:7)
  15 killer bees
  An electric eel (D:8)
  8 wights
  3 vampire bats (D:6)
  2 hounds (D:4)
  2 jellies
  A bullfrog skeleton (D:6)
  An iguana (D:5)
  Natasha (thrice) (D:2)
  3 orc wizards
  A killer bee zombie (D:8)
  A hound zombie (D:5)
  Robin (D:2)
  8 gnolls
  7 adders
  A howler monkey skeleton (D:6)
  A worm (D:4)
  2 dart slugs
  10 orcs
  4 bat skeletons (D:6)
  3 bat zombies (D:6)
  6 endoplasms
  6 giant cockroaches
  13 goblins
  17 hobgoblins
  7 jackals
  6 kobolds
  6 quokkas
  3 ball pythons
  3 bats
  5 frilled lizards
  4 rats
212 creatures vanquished.

Vanquished Creatures (collateral kills)
  A yak (D:11)
  2 kobolds (D:10)
3 creatures vanquished.

Vanquished Creatures (others)
  3 ancestors
  1139 foxfires
1142 creatures vanquished.

Grand Total: 1357 creatures vanquished

Notes
Turn   | Place    | Note
-------+----------+-------------------------------------------
     0 | D:1      | 101zpm the Djinni Fire Elementalist began the quest for the
                  | Orb.
     0 | D:1      | Reached XP level 1. HP: 15/15 MP: 0/0
   376 | D:1      | Reached XP level 2. HP: 16/21 MP: 0/0
   919 | D:1      | Reached skill level 3 in Spellcasting
  1319 | D:1      | Reached XP level 3. HP: 19/25 MP: 0/0
  1319 | D:1      | Learned a level 1 spell: Pain
  1880 | D:2      | Noticed Sigmund
  1889 | D:2      | Killed Sigmund
  1890 | D:2      | Reached skill level 4 in Spellcasting
  1890 | D:2      | Reached XP level 4. HP: 11/31 MP: 0/0
  1890 | D:2      | Reached XP level 5. HP: 13/35 MP: 0/0
  1890 | D:2      | Learned a level 2 spell: Wereblood
  1890 | D:2      | Reached XP level 6. HP: 14/40 MP: 0/0
  2624 | D:2      | Noticed Natasha
  2630 | D:2      | Killed Natasha
  3257 | D:2      | Noticed Natasha
  3263 | D:2      | Killed Natasha
  3264 | D:2      | Reached skill level 5 in Spellcasting
  3447 | D:2      | Noticed Natasha
  3451 | D:2      | Killed Natasha
  3515 | D:2      | Noticed Robin
  4783 | D:4      | Found a broken altar of Ashenzari.
  4801 | D:4      | Reached XP level 7. HP: 34/45 MP: 0/0
  4801 | D:4      | Learned a level 3 spell: Portal Projectile
  5031 | D:4      | Found a staircase to the Ecumenical Temple.
  5754 | D:5      | Entered Level 5 of the Dungeon
  5813 | D:5      | Reached skill level 6 in Spellcasting
  5894 | D:5      | Found a sparkling altar of Nemelex Xobeh.
  5959 | D:5      | Reached XP level 8. HP: 36/50 MP: 0/0
  5985 | D:5      | Reached skill level 7 in Spellcasting
  6255 | D:5      | Found a faded altar of an unknown god.
  6402 | D:5      | Noticed Prince Ribbit
  6407 | D:5      | Killed Prince Ribbit
  6672 | D:5      | Found an ornate altar of the Wu Jian Council.
  6761 | D:5      | Found an iron altar of Okawaru.
  7237 | D:6      | Reached skill level 8 in Spellcasting
  7237 | D:6      | Reached XP level 9. HP: 48/55 MP: 0/0
  7237 | D:6      | Learned a level 4 spell: Anguish
  7416 | D:6      | Found a glowing silver altar of Zin.
  7432 | D:6      | Found a sacrificial altar of Ru.
  7490 | D:6      | Found Bubenam's General Store.
  8140 | D:6      | Reached skill level 9 in Spellcasting
  8365 | D:2      | Killed Robin
  9130 | D:7      | Noticed Duvessa
  9130 | D:7      | Noticed Dowan
  9136 | D:7      | Killed Duvessa
  9136 | D:7      | Killed Dowan
 10355 | Temple   | Entered the Ecumenical Temple
 10437 | Temple   | Became a worshipper of Hepliaklqana the Forgotten
 10559 | D:8      | Reached skill level 10 in Spellcasting
 10559 | D:8      | Reached XP level 10. HP: 55/60 MP: 0/0
 10601 | D:8      | Noticed an orc sorcerer
 10608 | D:8      | Killed an orc sorcerer
 11443 | D:8      | Noticed Maurice
 11454 | D:8      | Killed Maurice
 11455 | D:8      | Reached skill level 11 in Spellcasting
 12926 | D:9      | Reached XP level 11. HP: 58/65 MP: 0/0
 12926 | D:9      | Learned a level 5 spell: Iskenderun's Battlesphere
 13023 | D:9      | Reached * piety under Hepliaklqana
 13045 | D:9      | Found a bloodstained altar of Trog.
 13098 | D:9      | Reached skill level 12 in Spellcasting
 13128 | D:9      | Noticed a two-headed ogre
 13131 | D:9      | Killed a two-headed ogre
 13672 | D:10     | Entered Level 10 of the Dungeon
 13794 | D:10     | Found a runed translucent gate.
 13794 | D:10     | Found a runed translucent gate.
 13794 | D:10     | Found a runed translucent gate.
 13794 | D:10     | Noticed a cyan ugly thing
 13794 | D:10     | Noticed a cyan ugly thing
 13794 | D:10     | Noticed a glowing orange brain
 13800 | D:10     | Noticed a brown ugly thing
 13800 | D:10     | Noticed a purple ugly thing
 13814 | D:10     | Reached skill level 13 in Spellcasting
 13843 | D:10     | Noticed a two-headed ogre
 13852 | D:10     | Killed a two-headed ogre
 13882 | D:10     | You are sucked into a shaft and drop 1 floor!
 13887 | D:11     | Reached skill level 1 in Armour
 13909 | D:11     | HP: 1/58 [yak (14)]
 13909 | D:11     | Slain by a yak

Illustrated notes

Levels and vault maps discovered:
D:1:      dpeg_arrival_round_b, layout_basic
D:2:      layout_basic, uniq_robin, uniq_sigmund, uniq_natasha
D:3:      layout_rooms, vehumet_crystals, chequers_serial_rivers_micro_d
D:4:      layout_basic, mainiacjoe_overflow_small_starburst,
          minmay_temple_entry_from_below_a
D:5:      layout_cave_pods, nzn_wu_jian_contemplation,
          mainiacjoe_overflow_24_doors, mainiacjoe_overflow_paths,
          serial_column_ruins, column_ruins_temple_hut,
          column_ruins_open_medium, column_ruins_grid_1, column_ruins_grid_1,
          column_ruins_open_medium, grunt_ministairs_15, uniq_prince_ribbit1
D:6:      layout_rooms, mainiacjoe_overflow_catwalk_spiral,
          kennysheep_vampire_church, serial_shops, shop
D:7:      layout_gridville, nrook_mini_vaults, uniq_duvessa
D:8:      cheibrodos_wizards_tower, layout_basic, kennysheep_another_room,
          minmay_misc_feat_room, st_stairs_8, uniq_maurice
D:9:      layout_roguey, trog_antimagical
D:10:     layout_basic, dpeg_lair_monsters,
          ploomutoo_gammafunk_ghost_potion_laboratory, chequers_arboretum
D:11:     lemuel_slime, layout_rooms, st_stairs_3, uniq_nergalle
Temple:   nicolae_temple_god_jail

Skill      XL: |  1  2  3  4  5  6  7  8  9 10 11 |
---------------+----------------------------------+-----
Spellcasting   | 3 4 5 6 8 10 11 13 | 13.3
Stealth        | 2 3 4 |  4.1
Armour         | 2 |  2.2
Fighting       | |  0.2
Dodging        | |  2.5

Action                   |  1- 3 |  4- 6 |  7- 9 | 10-12 || total
-------------------------+-------+-------+-------+-------++-------
Melee: Spear             |       |       |       |     1 ||     1
 Cast: Foxfire           |   107 |   177 |   204 |   204 ||   692
       Inner Flame       |       |    16 |    46 |    68 ||   130
       Scorch            |       |     3 |    20 |    41 ||    64
       Wereblood         |       |     1 |     1 |     1 ||     3
       Anguish           |       |       |       |     2 ||     2
       Iskenderun's Batt |       |       |       |     4 ||     4
       Conjure Flame     |       |       |       |     3 ||     3
Evoke: Wand              |       |       |       |     1 ||     1
  Use: Scroll            |       |       |       |     1 ||     1
Armor: Robe              |       |     1 |     1 |       ||     2
       Troll leather arm |       |       |       |     2 ||     2
Dodge: Dodged            |     1 |     2 |    13 |    11 ||    27
